 Dungeon Crawl Stone Soup version 0.28-a0-60-g54b5640690 (webtiles) character file.

Game seed: 11797169829418967046

712 popfantom the Ruffian (level 7, -2/67 HPs)
             Began as a Troll Berserker on July 30, 2021.
             Was a Believer of Trog.
             Slain by a hornet (13 damage)
             ... on level 7 of the Dungeon.
             The game lasted 00:22:54 (4037 turns).

popfantom the Ruffian (Troll Berserker)             Turns: 4037, Time: 00:22:54

Health: -2/67      AC: 10    Str: 28    XL:     7   Next: 41%
Magic:  6/6        EV: 10    Int:  3    God:    Trog [**....]
Gold:   141        SH:  0    Dex:  9    Spells: 6/6 levels left

rFire   . . .      SeeInvis .     - Unarmed
rCold   . . .      Faith    .   (no shield)
rNeg    . . .      Spirit   .   a - +0 animal skin
rPois   +          Reflect  .   (helmet restricted)
rElec   .          Harm     .   (no cloak)
rCorr   .          Rampage  .   (gloves unavailable)
Will    ++...                   (boots unavailable)
Stlth   +.........              (no amulet)
HPRegen 2.21/turn               q - +4 ring of protection
MPRegen 0.10/turn               (no ring)

@: lethally poisoned (-2 -> -2), strong-willed, regenerating
A: large, unfitting armour, claws 3, regeneration 1, shaggy fur 1, tough skin 1,
iridescent scales 1, poison resistance
a: Renounce Religion, Berserk, Trog's Hand


You were on level 7 of the Dungeon.
You worshipped Trog.
Trog was pleased with you.
You visited 1 branch of the dungeon, and saw 5 of its levels.

You collected 141 gold pieces.

Inventory:

Hand Weapons
 f - a +0 hand crossbow
 k - a +1 spear of venom
 x - a +2 flail of venom
 C - a +0 long sword of holy wrath
Missiles
 c - 60 arrows
 p - 3 large rocks (quivered)
 s - 31 stones
 u - 18 bolts
 w - 13 poisoned darts
Armour
 a - a +0 animal skin (worn)
 d - a +2 helmet
 g - a +0 ring mail
 n - a +0 buckler
 r - a +0 chain mail
Jewellery
 q - a +4 ring of protection (left claw)
Wands
 j - a wand of flame (12)
Scrolls
 b - a scroll of magic mapping
 e - 3 scrolls of teleportation
 y - a scroll of blinking
 A - a scroll of fog
Potions
 h - a potion of cancellation {unknown}
 i - a potion of might {unknown}
 m - a potion of brilliance
 o - 4 potions of degeneration {unknown}
 t - a potion of resistance {unknown}
 v - a potion of attraction
 z - a potion of haste {unknown}
 B - a potion of berserk rage {unknown}


   Skills:
 + Level 3.4 Fighting
 + Level 4.2 Dodging
 + Level 1.2 Stealth
 + Level 6.5 Unarmed Combat


You had 6 spell levels left.
You didn't know any spells.
Your spell library contained the following spells:

 Spells                   Type           Power      Damage    Failure   Level
 Magic Dart               Conj           0%         1d3       52%         1
 Call Imp                 Summ           0%         N/A       67%         2
 Slow                     Hex            0%         N/A       67%         2
 Confusing Touch          Hex            0%         N/A       88%         3
 Mephitic Cloud           Conj/Pois/Air  0%         N/A       88%         3
 Yara's Violent Unravell  Hex/Tmut       0%         3d3       100%        5


Dungeon Overview and Level Annotations

Branches:
Dungeon (4/15)
 Temple: D:4-7

Altars:

Shops:
D:1 (


Innate Abilities, Weirdness & Mutations

You are too large for most types of armour.
You have claws for hands.
Your natural rate of healing is unusually fast.
You are covered in fur. (AC +1)
You have tough skin. (AC +1)
You are partially covered in iridescent scales. (AC +2)
Your system is resistant to poisons. (rPois)


Message History

You closely miss the hornet.
The hornet is heavily wounded.
The hornet stings you.
You closely miss the hornet.
The hornet is heavily wounded.
The hornet completely misses you. The hornet stings you.
You closely miss the hornet.
The hornet is heavily wounded.
The hornet stings you.
You claw the hornet!
The hornet is almost dead.
The hornet stings you!
You are poisoned.
You miss the hornet.
The hornet is almost dead.
You feel very sick.
The hornet stings you but does no damage. x2
You closely miss the hornet.
The hornet is almost dead.
You feel sick. The hornet stings you!
You scratch the hornet but do no damage.
The hornet is almost dead.
You feel sick. The hornet misses you.
You closely miss the hornet.
The hornet is almost dead.
You feel sick. The hornet stings you!
* * * LOW HITPOINT WARNING * * *
The hornet stings you but does no damage.
Your skin crawls.
You feel strong-willed.
You feel sick. The hornet stings you!
* * * LOW HITPOINT WARNING * * *
You miss the hornet.
The hornet is almost dead.
You feel sick. The hornet misses you.
The hornet stings you but does no damage.
You closely miss the hornet.
The hornet is almost dead.
You feel sick. The hornet stings you!
You die...

..#....# ............
..#..... #..............
.##.....##.............#
........................
.............>.........#
.##....#..............##
.#....###...............
.......#........y.......
................@....#
.........#..........[#
.........#.#..........#
..........###........##
...........#.......#...
....##..##......#####...
..#########...... ..#
...# ##.#..<. .. ...# ##
.


You could see a hornet.

Vanquished Creatures
  A necrophage (D:7)
  Blork the orc (D:4)
  A kobold brigand (D:7)
  A gnoll sergeant (D:7)
  A scorpion (D:4)
  A water moccasin skeleton (D:7)
  A bullfrog zombie (D:4)
  A hound (D:4)
  An orc priest (D:4)
  An orc wizard (D:4)
  6 gnolls
  6 adders
  A white imp (D:7)
  3 worms
  2 dart slugs
  6 orcs (D:4)
  3 ball pythons
  5 bats
  9 endoplasms
  5 giant cockroaches
  10 goblins
  4 hobgoblins
  3 frilled lizards
  5 kobolds
  3 rats
81 creatures vanquished.

Notes
Turn   | Place    | Note
-------+----------+-------------------------------------------
     0 | D:1      | popfantom the Troll Berserker began the quest for the Orb.
     0 | D:1      | Reached XP level 1. HP: 22/22 MP: 0/0
   156 | D:1      | Found a faded altar of an unknown god.
   257 | D:1      | Reached XP level 2. HP: 29/29 MP: 1/1
   305 | D:1      | Found Woilah's Weapon Emporium.
   793 | D:2      | Reached XP level 3. HP: 36/36 MP: 2/2
  1774 | D:3      | Reached ** piety under Trog
  1818 | D:3      | Reached XP level 4. HP: 45/45 MP: 3/3
  2282 | D:3      | Reached skill level 4 in Unarmed Combat
  2872 | D:3      | Gained mutation: You are partially covered in iridescent
                  | scales. (AC +2) [potion of mutation]
  2872 | D:3      | Gained mutation: Your system is resistant to poisons.
                  | (rPois) [potion of mutation]
  2889 | D:4      | Reached XP level 5. HP: 53/53 MP: 4/4
  3028 | D:4      | Reached skill level 5 in Unarmed Combat
  3028 | D:4      | Reached XP level 6. HP: 61/61 MP: 5/5
  3358 | D:4      | Noticed Blork the orc
  3368 | D:4      | Killed Blork the orc
  3833 | D:4      | You fall into a shaft and drop 3 floors!
  3840 | D:7      | Reached skill level 1 in Stealth
  3891 | D:7      | Reached skill level 6 in Unarmed Combat
  3891 | D:7      | Reached XP level 7. HP: 61/67 MP: 6/6
  3894 | D:7      | Reached *** piety under Trog
  4019 | D:7      | Noticed a hornet
  4025 | D:7      | Paralysed by a hornet for 1 turns
  4037 | D:7      | Slain by a hornet

Illustrated notes

Levels and vault maps discovered:
D:1:      wheals_arrival_linesprint, layout_rooms, serial_shops,
          nicolae_diamond_shop, dreamdust_ecumenical_altar_grove
D:2:      layout_basic, grunt_decor_one_mirror, grunt_ministairs_15
D:3:      minmay_door_path, layout_basic, minmay_goblin_outpost
D:4:      layout_cave_pods, uniq_blork_the_orc
D:7:      layout_cave_pools, minmay_temple_entry_glassed_door,
          kennysheep_small_circle, uniq_harold

Skill      XL: |  1  2  3  4  5  6 |
---------------+-------------------+-----
Fighting       | 3 |  3.4
Dodging        | 3 4 |  4.2
Unarmed Combat | 4 5 6 |  6.5
Stealth        | 1 |  1.2

Action                   |  1- 3 |  4- 6 |  7- 9 || total
-------------------------+-------+-------+-------++-------
Melee: Unarmed           |    84 |   113 |    23 ||   220
       Punch             |     1 |       |       ||     1
Throw: Large rock        |       |     1 |       ||     1
Invok: Berserk           |     1 |     2 |       ||     3
       Trog's Hand       |       |       |     1 ||     1
  Use: Scroll            |     4 |       |     2 ||     6
       Potion            |       |     2 |       ||     2
Armor: Animal skin       |    42 |    70 |    10 ||   122
Dodge: Dodged            |    54 |    88 |     7 ||   149

Table legend: (Time is in decaauts)
 A = Elapsed time spent in this place.
 B = Non-inter-level travel time spent in this place.
 C = Inter-level travel time spent in this place.
 D = Time resting spent in this place.
 E = Time spent auto-exploring this place.
 F = Levels seen in this place.
 G = Mean time per level.
                   A        B        C        D        E       F      G
               +--------+--------+--------+--------+--------+-----+--------+
         Total |   4047 |   4047 |      0 |     46 |    810 |   5 |  809.4 |
       Dungeon |   4047 |   4047 |      0 |     46 |    810 |   5 |  809.4 |
               +--------+--------+--------+--------+--------+-----+--------+

Top non-repeatable levels by time:
     D:3: 1239 daAuts
     D:4: 951 daAuts
     D:2: 906 daAuts
     D:1: 745 daAuts
     D:7: 205 daAuts
